 Dungeon Crawl Stone Soup version 0.31-a0-983-g7b6862f502 (webtiles) character file.

Game seed: 13053333928216261761

31 lunkers the Ruffian (level 2, -3/33 HPs)
             Began as a Demigod Shapeshifter on Nov 2, 2023.
             Frozen to death by an endoplasm (5 damage)
             ... on level 2 of the Dungeon.
             The game lasted 00:01:06 (720 turns).

lunkers the Ruffian (Demigod Shapeshifter)           Turns: 720, Time: 00:01:07

Health: -3/33      AC: 21    Str: 15    XL:     2   Next: 90%
Magic:  4/4        EV:  2    Int: 12    God:
Gold:   71         SH:  0    Dex: 13    Spells: 1/1 levels left

rFire   . .          .
                       - Unarmed
rCold   . . .        (no shield)
rNeg    . . .        h - melded +0 scale mail
rPois   +            (helmet currently unavailable)
rElec   .            (cloak currently unavailable)
rCorr   .            (gloves currently unavailable)
SInv    .            (boots currently unavailable)
Will    .....        (no amulet)
Stlth   +            (no ring)
HPRegen 0.25/turn    (no ring)
MPRegen 0.09/turn

%: no passive effects
@: tree-form
A: stationary, stasis, torment immunity, boosted hp, high MP 1, forlorn, divine
attributes
a: no special abilities


You were on level 2 of the Dungeon.
You were a tree.
You visited 1 branch of the dungeon, and saw 2 of its levels.

You collected 71 gold pieces.

Inventory:

Armour
 a - a +0 animal skin
 h - a +0 scale mail (melded)
Jewellery
 e - a +6 ring of dexterity
Talismans
 c - a beast talisman
 d - a flux talisman
Scrolls
 f - a scroll of teleportation {unknown}
 i - a scroll of fear {unknown}
 j - a scroll of identify {unknown}
Potions
 g - 2 potions of brilliance {unknown}


   Skills:
 - Level 0.8 Fighting
 - Level 1.7 Dodging
 * Level 3.5 Unarmed Combat
 + Level 3.0 Shapeshifting


You had one spell level left.
You didn't know any spells.
Your spell library was empty.

Dungeon Overview and Level Annotations

Branches:
Dungeon (2/15)


Innate Abilities, Weirdness & Mutations

You are a tree.
Your roots penetrate the ground, keeping you stationary.
You cannot be teleported.
You are immune to unholy pain and torment.
Your maximum health is greatly increased.
Your equipment is partially melded.
You have an increased reservoir of magic. (+10% MP)
You shall have no god before yourself.
Your divine heritage dramatically boosts your attributes as you level up.


Message History

* * * LOW HITPOINT WARNING * * *
You feel sick. The adder bites you but does no damage.
The giant cockroach bites you but does no damage.
The hobgoblin hits you but does no damage.
Unknown command.
You hit the giant cockroach.
The giant cockroach is heavily wounded.
* * * LOW HITPOINT WARNING * * *
You feel sick.
You are no longer poisoned.
The adder bites you but does no damage. The giant cockroach barely misses you.
The adder bites you but does no damage.
The hobgoblin hits you but does no damage.
Unknown command.
You barely miss the giant cockroach.
The giant cockroach is heavily wounded.
The giant cockroach bites you but does no damage.
The adder bites you but does no damage.
Unknown command.
Unknown command.
You miss the adder.
The adder is almost dead.
The hobgoblin hits you but does no damage.
The giant cockroach bites you but does no damage.
The adder bites you but does no damage.
Unknown command.
Unknown command.
You smack the adder!
You kill the adder!
The giant cockroach bites you but does no damage.
The hobgoblin hits you but does no damage.
The giant cockroach bites you but does no damage.
Unknown command.
Unknown command.
You smack the giant cockroach!
You kill the giant cockroach!
The hobgoblin hits you but does no damage.
The endoplasm freezes you.
You are frozen.
You die...

##.............
#..............
#..............
#..............
#........).....
###..<<..........
...........†......
#####.............
..!...†♣...#.....#
.###.#†gJ.####....
^........# ###
###.#.....#
.#)#.#....... .###
#....#### ...
...... .##
.#......


You could see an endoplasm and a hobgoblin.

Vanquished Creatures
  An adder (D:2)
  A dart slug (D:1)
  2 giant cockroaches
  2 hobgoblins
  2 quokkas (D:1)
  3 ball pythons (D:1)
  3 bats
  4 frilled lizards (D:1)
  A goblin (D:1)
  A kobold (D:1)
  3 rats
23 creatures vanquished.

Notes
Turn   | Place    | Note
-------+----------+-------------------------------------------
     0 | D:1      | lunkers the Demigod Shapeshifter began the quest for the
                  | Orb.
     0 | D:1      | Reached XP level 1. HP: 15/15 MP: 3/3
   307 | D:1      | Reached XP level 2. HP: 20/22 MP: 4/4
   716 | D:2      | HP: 1/33 [poisoned by an adder]
   720 | D:2      | Frozen to death by an endoplasm

Illustrated notes

Levels and vault maps discovered:
D:1:      saegor_arrival_simple_e, layout_rooms, basic_ecumenical_altar,
          hangedman_decor_lopped, hex_large, amcnicky_mini_rare_corridor_liquid,
          minmay_ruptured
D:2:      layout_rooms, minmay_surrounded

Skill      XL: |  1  2 |
---------------+-------+-----
Unarmed Combat | 3 |  3.5
Shapeshifting  | 3 |  3.0
Fighting       | |  0.8
Dodging        | |  1.7

Action                     || total
---------------------------++-------
  Melee: Unarmed           ||    82
    Use: Potion            ||     1
 Armour: Scale mail        ||    59
         Animal skin       ||    11
         Skin              ||    19
  Dodge: Dodged            ||    32

Table legend: (Time is in decaauts)
 A = Elapsed time spent in this place.
 B = Non-inter-level travel time spent in this place.
 C = Inter-level travel time spent in this place.
 D = Time resting spent in this place.
 E = Time spent auto-exploring this place.
 F = Levels seen in this place.
 G = Mean time per level.
                   A        B        C        D        E       F      G
               +--------+--------+--------+--------+--------+-----+--------+
         Total |    715 |    678 |     37 |      0 |    511 |   2 |  357.5 |
       Dungeon |    715 |    678 |     37 |      0 |    511 |   2 |  357.5 |
               +--------+--------+--------+--------+--------+-----+--------+

Top non-repeatable levels by time:
     D:1: 672 daAuts
     D:2: 42 daAuts
